Map: Golden Wall LE

Players

YoutubeTY (TY) - Winner!

  • Race: Terran Terran
  • League: Master
  • Spawn Location: 7:00

Serral

  • Race: Zerg Zerg
  • Spawn Location: 5:00

Event: DreamHack SC2 Masters 2020 Summer Season Finals

VOD

Have the link to the VOD?

Description

Time

  • Played on: July 18, 2020, 12:08 p.m.
  • Length: 7:13

All games in this series

Show
View Real Time Build Order
Export as new Build Order

YoutubeTY Terran - Winner!

Build Orders: 2 Factory, Reaper Expand 

Get SALT Encoding   

  12  0:00  SCV  
  13  0:12  SCV  
  14  0:17  Supply Depot  
  14  0:25  SCV  
  15  0:39  SCV  
  15  0:41  Barracks  
  16  0:44  Refinery  
  16  0:51  SCV  
  17  1:03  SCV  
  18  1:15  SCV  
  19  1:28  Reaper  
  19  1:29  Orbital Command  
  20  1:39  Command Center  
  20  1:47  Supply Depot  
  20  1:55  SCV  
  20  2:00  Marine  
  22  2:05  Factory  
  22  2:08  SCV  
  23  2:18  Marine  
  23  2:20  SCV  
  25  2:32  SCV  
  26  2:43  Barracks Reactor  
  27  2:44  SCV  
  27  2:51  Orbital Command  
  27  2:53  Command Center  
  27  3:01  Factory  
  27  3:02  SCV  
  28  3:18  SCV x2  
  30  3:21  Refinery  
  30  3:24  Hellion x2  
  34  3:30  Barracks Tech Lab, SCV x2  
  36  3:42  SCV x2  
  36  3:45  Hellion  
  40  3:51  Infernal Pre-Igniter  
  40  3:53  Hellion  
  40  3:54  SCV, Hellion  
  40  3:55  SCV  
  46  4:06  Orbital Command, SCV  
  46  4:07  Hellion, SCV  
  50  4:10  Barracks Tech Lab  
  50  4:15  Hellion  
  52  4:18  SCV  
  52  4:19  Hellion  
  52  4:22  Supply Depot, SCV  
  56  4:28  Stimpack  
  56  4:31  SCV, Hellion  
  59  4:37  SCV  
  60  4:39  Supply Depot x2  
  60  4:43  SCV  
  60  4:44  Hellion  
  63  4:46  Orbital Command  
  63  4:49  Hellion, SCV  
  67  4:55  SCV  
  67  5:01  SCV  
  67  5:05  Barracks  
  67  5:06  Marine, Barracks  
  69  5:07  SCV  
  69  5:12  SCV  
  69  5:14  SCV  
  68  5:19  SCV  
  68  5:20  Factory Reactor, Barracks  
  69  5:22  Barracks  
  69  5:24  SCV  
  69  5:26  Engineering Bay, SCV  
  70  5:30  Siege Tank, Engineering Bay  
  70  5:31  SCV  
  70  5:34  Marine  
  65  5:36  SCV  
  65  5:38  SCV  
  65  5:39  Refinery  
  65  5:40  Starport  
  67  5:43  SCV  
  67  5:47  Refinery  
  67  5:48  SCV  
  69  5:50  SCV  
  69  5:54  Barracks Tech Lab  
  69  5:55  Barracks Tech Lab, SCV  
  71  5:59  Marauder  
  71  6:00  SCV  
  71  6:02  SCV  
  71  6:03  Supply Depot x2  
  71  6:04  Siege Tank  
  78  6:07  SCV  
  78  6:08  Factory Reactor  
  78  6:11  Marine x2  
  81  6:15  Refinery  
  81  6:16  Supply Depot  
  81  6:17  Supply Depot  
  81  6:18  Marine x2  
  88  6:26  Marauder x3  
  88  6:30  Bunker  
  88  6:31  Marine x2  
  91  6:36  Marine x2  
  91  6:37  Supply Depot  
  93  6:46  SCV x3  
  96  6:47  Marine x2  
  96  6:48  Marauder  
  96  6:49  Marine x2  
Show
View Real Time Build Order
Export as new Build Order

Serral Zerg 

Build Orders: Hatch First 

Get SALT Encoding   

  12  0:00  Drone  
  13  0:12  Overlord  
  13  0:17  Drone  
  14  0:31  Drone x2  
  16  0:49  Hatchery  
  15  0:52  Drone  
  15  0:55  Drone  
  17  0:59  Drone  
  18  1:09  Extractor  
  17  1:14  Spawning Pool  
  17  1:17  Drone  
  17  1:21  Drone  
  18  1:28  Drone  
  19  1:39  Drone  
  20  1:50  Overlord  
  20  2:01  Queen x2  
  20  2:02  Zergling x4  
  26  2:11  Drone, Metabolic Boost  
  26  2:13  Drone  
  28  2:22  Drone  
  29  2:23  Drone  
  30  2:38  Hatchery  
  30  2:41  Drone  
  30  2:45  Drone  
  30  2:50  Queen  
  33  2:55  Overlord  
  33  3:00  Pneumatized Carapace  
  33  3:06  Overlord  
  33  3:14  Drone x2  
  33  3:15  Drone  
  36  3:24  Drone x4  
  36  3:26  Overlord  
  40  3:33  Queen  
  42  3:35  Drone  
  42  3:37  Drone  
  44  3:44  Drone  
  44  3:45  Overlord  
  44  3:46  Drone  
  44  3:47  Drone  
  47  3:52  Queen  
  49  3:56  Zergling x4  
  49  3:58  Drone  
  49  4:00  Drone  
  49  4:01  Drone  
  54  4:04  Drone  
  54  4:08  Zergling x2  
  56  4:11  Queen  
  56  4:12  Drone  
  59  4:19  Drone  
  59  4:21  Roach Warren  
  59  4:26  Evolution Chamber  
  59  4:28  Spine Crawler  
  59  4:29  Zergling x2  
  59  4:30  Zergling x2  
  59  4:32  Drone  
  59  4:33  Drone x2  
  59  4:34  Drone  
  59  4:35  Drone  
  64  4:39  Overlord  
  64  4:44  Zergling x6  
  62  4:46  Drone  
  62  4:48  Drone x2  
  62  4:50  Drone  
  65  4:55  Overlord  
  65  4:58  Overlord  
  65  5:05  Drone  
  65  5:06  Drone  
  65  5:07  Drone x3  
  67  5:08  Drone x3  
  67  5:11  Extractor  
  67  5:12  Extractor  
  67  5:13  Queen  
  71  5:15  Drone  
  71  5:20  Lair  
  72  5:23  Roach  
  72  5:24  Roach  
  72  5:27  Drone  
  72  5:28  Drone  
  74  5:34  Roach x3  
  74  5:39  Overlord  
  74  5:40  Roach x2  
  74  5:42  Roach  
  80  5:47  Roach x2  
  82  5:58  Zergling x12  
  88  6:06  Zergling x4  
  88  6:10  Overlord  
  91  6:11  Zergling x6  
  91  6:15  Zergling x4  
  95  6:21  Ravager x3  
  95  6:23  Overlord x2  
  98  6:31  Zergling x16  
  106  6:45  Ravager  
  106  6:46  Zergling x12  
Tags
 
Add a new tag
Caveats
  • Supply blocks, unpowered buildings, or Contaminate may cause inaccurate times.
  • Supply counts are checked every 10 seconds.